 Dungeon Crawl Stone Soup version 0.30-b1-2-g02819fbbbe (webtiles) character file.

Game seed: 11183035047434876198

1507 Ashen the Ogre Mage (level 8, -2/79 HPs)
             Began as an Ogre Summoner on Sept 4, 2023.
             Slain by an acid dragon (5 damage)
             ... on level 7 of the Dungeon.
             The game lasted 00:18:55 (7265 turns).

Ashen the Ogre Mage (Ogre Summoner)                 Turns: 7265, Time: 00:18:56

Health: -2/79      AC:  0    Str: 13    XL:     8   Next: 82%
Magic:  10/17      EV: 10    Int: 18    God:
Gold:   377        SH:  0    Dex:  9    Spells: 7/20 levels left

rFire   . . .        c - +1 dagger (venom)
rCold   . . .        (no shield)
rNeg    . . .        a - +0 robe
rPois   .            (helmet restricted)
rElec   .            l - +0 cloak
rCorr   .            (gloves unavailable)
SInv    .            (boots unavailable)
Will    .....        (no amulet)
Stlth   +            (no ring)
HPRegen 0.33/turn    (no ring)
MPRegen 0.15/turn

%: no passive effects
@: corroded
A: large, unfitting armour, tough skin 1
a: no special abilities


You were on level 7 of the Dungeon.
You visited 1 branch of the dungeon, and saw 7 of its levels.
You also visited: Sewer.

You collected 377 gold pieces.

Inventory:

Hand Weapons
 c - a +1 dagger of venom (weapon)
 m - a +0 mace
Armour
 a - a +0 robe (worn)
 l - a +0 cloak (worn)
Wands
 u - a wand of flame (4)
 y - a wand of charming (7)
Scrolls
 d - 2 scrolls of noise {unknown}
 e - 6 scrolls of identify {unknown}
 f - 6 scrolls of teleportation {unknown}
 i - a scroll of immolation {unknown}
 p - 2 scrolls of amnesia {unknown}
 q - 2 scrolls of enchant weapon {unknown}
 r - 2 scrolls of fear {unknown}
 t - a scroll of blinking {unknown}
 v - a scroll of torment {unknown}
Potions
 b - a potion of magic
 g - a potion of ambrosia {unknown}
 h - 2 potions of might {unknown}
 j - 4 potions of heal wounds {unknown}
 k - a potion of brilliance {unknown}
 n - 5 potions of curing {unknown}
 o - a potion of lignification {unknown}
 s - a potion of berserk rage {unknown}
 w - a potion of degeneration {unknown}
 x - 2 potions of attraction {unknown}
 z - a potion of mutation {unknown}
 A - a potion of haste {unknown}


   Skills:
 + Level 4.9 Fighting
 + Level 3.4 Maces & Flails
 + Level 4.0 Dodging
 - Level 1.4 Stealth
 * Level 6.6 Spellcasting
 * Level 6.4 Summonings


You had 7 spell levels left.
You knew the following spells:

 Your Spells              Type           Power      Damage    Failure   Level
a - Summon Small Mammal   Summ           100%       N/A       1%          1
b - Call Imp              Summ           58%        N/A       1%          2
c - Call Canine Familiar  Summ           29%        N/A       2%          3
d - Summon Guardian Gole  Hex/Summ       17%        N/A       9%          3
e - Summon Lightning Spi  Summ/Air       17%        N/A       30%         4

Your spell library contained the following spells:

 Spells                   Type           Power      Damage    Failure   Level
 Kiss of Death            Conj/Necr      20%        2d7       12%         1
 Ensorcelled Hibernation  Hex/Ice        10%        N/A       17%         2
 Confusing Touch          Hex            5%         N/A       34%         3
 Spider Form              Tmut/Pois      5%         N/A       34%         3
 Anguish                  Hex/Necr       2%         N/A       75%         4
 Dispel Undead            Necr           5%         3d7       75%         4
 Chain Lightning          Conj/Air       2%         3d3       100%        9
 Fire Storm               Conj/Fire      2%         8d1       100%        9
 Shatter                  Erth           2%         3d6*      100%        9


Dungeon Overview and Level Annotations

Branches:
Dungeon (7/15)              Sewer (visited)
 Temple: D:4-7

Altars:
Elyvilon
Trog
Vehumet
Yredelemnul
Zin
The Shining One


Innate Abilities, Weirdness & Mutations

You are too large for most types of armour.
You have tough skin. (AC +1)


Message History

The splash of acid hits you! The acid corrodes you!
Aiming: Throw Flame
Press: ? - help, Shift-Dir - straight line, f/p - acid dragon
Aim: an acid dragon (moderately wounded, catching its breath, ally target, 68% to hit)
The puff of flame hits the acid dragon.
The acid dragon is heavily wounded.
Your cerulean imp hits the orc priest but does no damage.
Your hound bites the acid dragon but does no damage.
The acid dragon bites you. The acid dragon claws you.
The orc hits your hound with a +2 vampiric short sword.
Aiming: Throw Flame
Press: ? - help, Shift-Dir - straight line, f/p - acid dragon
Aim: an acid dragon (heavily wounded, catching its breath, ally target, 68% to hit)
The puff of flame hits the acid dragon.
The acid dragon is heavily wounded.
Your hound bites the orc.
Your cerulean imp closely misses the orc priest.
The acid dragon closely misses you. The acid dragon barely misses you.
The white imp gestures at you. The puff of frost hits you!
* * * LOW HITPOINT WARNING * * *
The orc hits your hound with a +2 vampiric short sword.
Your hound bites the orc but does no damage.
The orc priest hits your guardian golem but does no damage.
Aiming: Throw Flame
Press: ? - help, Shift-Dir - straight line, f/p - acid dragon
Aim: an acid dragon (heavily wounded, catching its breath, ally target, 68% to hit)
The puff of flame hits the acid dragon.
The acid dragon is severely wounded.
Your hound bites the orc.
Your cerulean imp barely misses the orc priest.
The white imp gestures at you. The puff of frost hits you!
* * * LOW HITPOINT WARNING * * *
The orc priest hits your hound with a +0 whip.
The orc priest hits your guardian golem but does no damage.
The orc misses your hound. The acid dragon bites you!
* * * LOW HITPOINT WARNING * * *
The acid dragon claws you.
You die...

##.. ##.####..# ###.. #..# ##.#
##... ##.## #.## #...######..#
#..# ##..........## ##.#
#........#### #####.#
##.........# #......
#..........######.<..>.
##.....@................
#......D...<######...... .....#
##.....9h....# #...... ...#.
#.....ooo...## ####### .o5#.
#.#.#.5........# ....
#.......)5....#
.o.?...#.##..........###########
...# #.........................##
...########..........###.........


You could see an acid dragon (catching breath, ally target), 2 orc priests, a
white imp, an orc (distracted, ally target), a friendly guardian golem
(summoned), a friendly hound (summoned, sheltered) and a friendly cerulean imp
(summoned, sheltered).

Vanquished Creatures
  A black bear (D:5)
  An orc warrior (D:6)
  A centaur (D:5)
  A scorpion (D:6)
  A howler monkey (D:6)
  A bullfrog zombie (D:5)
  2 hounds
  An orc priest (D:6)
  A sleepcap (D:5)
  A gnoll (D:5)
  5 adders
  2 river rats (Sewer)
  A dart slug (D:3)
  5 orcs
  6 endoplasms
  8 giant cockroaches
  4 goblins
  A hobgoblin (D:4)
  2 jackals
  3 quokkas
  9 ball pythons
  6 bats
  3 frilled lizards (Sewer)
  5 kobolds
  5 rats (Sewer)
76 creatures vanquished.

Vanquished Creatures (collateral kills)
  A water moccasin (D:6)
  An ogre (D:5)
  A phantom (D:5)
  2 scorpions
  A gnoll sergeant (D:4)
  A bullfrog zombie (D:5)
  A centaur zombie (D:5)
  2 hounds (D:6)
  Crazy Yiuf (D:3)
  A jelly (D:5)
  A sleepcap (D:5)
  A scorpion zombie (D:5)
  An orc wizard (D:6)
  A howler monkey zombie (D:5)
  4 gnolls (D:5)
  5 adders
  A river rat (Sewer)
  An adder zombie (D:5)
  A worm (D:2)
  2 dart slugs
  4 orcs
  A giant cockroach (D:4)
  2 hobgoblins (D:1)
  11 jackals
  A quokka (D:3)
  A ball python (D:2)
  3 frilled lizards
  2 kobolds
  3 rats (Sewer)
58 creatures vanquished.

Grand Total: 134 creatures vanquished

Notes
Turn   | Place    | Note
-------+----------+-------------------------------------------
     0 | D:1      | Ashen the Ogre Summoner began the quest for the Orb.
     0 | D:1      | Reached XP level 1. HP: 16/16 MP: 3/3
   131 | D:1      | You fall into a shaft and drop 1 floor!
   391 | D:1      | Reached XP level 2. HP: 26/26 MP: 1/5
   630 | D:1      | Learned a level 2 spell: Call Imp
   890 | D:1      | Reached skill level 1 in Fighting
  1139 | D:1      | Reached XP level 3. HP: 33/33 MP: 7/7
  1235 | D:2      | Learned a level 3 spell: Call Canine Familiar
  2098 | D:3      | Reached XP level 4. HP: 41/41 MP: 8/8
  2348 | D:3      | Identified the +1 leather armour of Conscience {rElec
                  | Dex+3}
  2612 | D:3      | Found a runed translucent door.
  2613 | D:3      | Noticed Crazy Yiuf
  2655 | D:3      | Killed Crazy Yiuf
  2656 | D:3      | Reached skill level 1 in Maces & Flails
  3300 | D:4      | Reached XP level 5. HP: 33/49 MP: 10/10
  3771 | D:4      | Reached XP level 6. HP: 54/58 MP: 12/12
  4189 | D:5      | Entered Level 5 of the Dungeon
  4197 | D:5      | Learned a level 3 spell: Summon Guardian Golem
  4202 | D:5      | Learned a level 4 spell: Summon Lightning Spire
  4831 | D:5      | Reached skill level 5 in Summonings
  4831 | D:5      | Reached XP level 7. HP: 39/67 MP: 10/14
  5041 | D:5      | Found a glowing golden altar of the Shining One.
  5057 | D:5      | Reached skill level 5 in Spellcasting
  5311 | D:5      | Found a basalt altar of Yredelemnul.
  5520 | D:6      | Reached XP level 8. HP: 26/78 MP: 7/16
  5834 | D:6      | Found a glowing drain.
  5843 | Sewer    | Entered a sewer
  6638 | D:6      | Found a white marble altar of Elyvilon.
  6638 | D:6      | Found a radiant altar of Vehumet.
  6639 | D:6      | Found a glowing silver altar of Zin.
  6639 | D:6      | Found a bloodstained altar of Trog.
  7265 | D:7      | HP: 3/79 [acid dragon (9)]
  7265 | D:7      | Slain by an acid dragon

Illustrated notes

Levels and vault maps discovered:
D:1:      zelgadis_glass_arrival_small, layout_basic, minmay_hedge_maze
D:2:      layout_loops_corners
D:3:      layout_loops_ring, uniq_crazy_yiuf_cottage
D:4:      layout_cave_pods, serial_glass, glass_columns_a, glass_columns_a,
          eino_tiny_chamber
D:5:      layout_layer_cave, mainiacjoe_overflow_small_starburst,
          nicolae_yredelemnul_corpse_copse
D:6:      layout_basic, chequers_temple_overflow_statue_of_worship,
          cheibrodos_sewer_entry_drain, kennysheep_crisscross,
          chequers_serial_rivers_small_a
D:7:      minmay_the_grid_four_pointed_star
          [minmay_the_grid_triangle_9x9_descending_squares,
          minmay_the_grid_triangle_9x9_flanged_cone,
          minmay_the_grid_triangle_9x9_skeleton,
          minmay_the_grid_triangle_9x9_minimal,
          minmay_the_grid_prize_inner_circle], layout_rooms,
          minmay_temple_entry_hall, supply_closet_lemuel, minivault_24

Skill      XL: |  1  2  3  4  5  6  7  8 |
---------------+-------------------------+-----
Dodging        | 2 3 4 |  4.0
Fighting       | 1 2 3 4 |  4.9
Spellcasting   | 3 4 5 6 |  6.6
Summonings     | 4 5 6 |  6.4
Maces & Flails | 1 2 3 |  3.4
Stealth        | |  1.4

Action                     |  1- 3 |  4- 6 |  7- 9 || total
---------------------------+-------+-------+-------++-------
  Melee: Whip              |   103 |    73 |       ||   176
         Unarmed           |    13 |       |       ||    13
         Punch             |     1 |     2 |     5 ||     8
         Dagger            |       |   103 |   150 ||   253
         Mace              |       |     1 |       ||     1
   Cast: Summon Small Mamm |    18 |       |       ||    18
         Call Imp          |     4 |     7 |    14 ||    25
         Call Canine Famil |     2 |    11 |    18 ||    31
         Summon Guardian G |       |       |     1 ||     1
  Evoke: Wand              |       |       |     6 ||     6
   Stab: Sleeping          |     2 |       |     1 ||     3
         Distracted        |       |       |     3 ||     3
 Armour: Robe              |    45 |    66 |    47 ||   158
  Dodge: Dodged            |    71 |   102 |    97 ||   270
